 Dungeon Crawl Stone Soup version 0.24.0-123-gd5b16e6ec5 (webtiles) character file.

Game seed: 3819352408184525883, levelgen mode: deterministic

31557 Peloso the Carver (level 13, -8/115 HPs)
             Began as a Minotaur Fighter on Dec 24, 2019.
             Was a Believer of Okawaru.
             Mangled by a +3 long sword (20 damage)
             ... on level 14 of the Dungeon.
             The game lasted 00:43:38 (15417 turns).

Peloso the Carver (Minotaur Fighter)               Turns: 15417, Time: 00:43:39

Health: -8/115     AC:  2    Str: 26    XL:     13   Next: 26%
Magic:  14/14      EV: 21    Int:  8    God:    Okawaru [**....]
Gold:   1135       SH: 17    Dex: 13    Spells: 12/12 levels left

rFire    + . .     SeeInvis .   a - +2 falchion (elec)
rCold    + + +     Gourm    .   c - +1 shield
rNeg     . . .     Faith    .   (no armour)
rPois    .         Spirit   .   N - +1 hat {Int+3}
rElec    .         Reflect  .   E - scarf {rC+ rF+}
rCorr    .         Harm     .   q - +0 pair of gloves {Str+3}
MR       .....                  (no boots)
Stlth    ++++......             (no amulet)
HPRegen  0.29/turn              j - ring of protection from cold
MPRegen  0.14/turn              s - +3 ring of evasion

@: heroism
A: retaliatory headbutt, horns 2, cold resistance 1, screaming 1
a: Heroism, Renounce Religion


You were on level 14 of the Dungeon.
You worshipped Okawaru.
Okawaru was pleased with you.
You were very hungry.

You visited 3 branches of the dungeon, and saw 17 of its levels.
You also visited: Trove, Sewer and Ice Cave.

You collected 1135 gold pieces.

Inventory:

Hand Weapons
 a - a +2 falchion of electrocution (weapon)
 b - a +0 hand axe of venom
Armour
 c - a +1 shield (worn)
 e - the +12 storm dragon scales of the Dragon {rElec rN+ MR+ Regen+ Stlth+}
   (You found it in a treasure trove)

   It insulates you from electricity.
   It protects you from negative energy.
   It affects your resistance to hostile enchantments.
   It increases your rate of regeneration.
   It makes you more stealthy.
 q - a +0 pair of gloves of strength (worn)
 E - a scarf of resistance (worn)
 N - a +1 hat of intelligence (worn)
Jewellery
 j - a ring of protection from cold (left hand)
 l - an uncursed ring of poison resistance
 s - a +3 ring of evasion (right hand)
Wands
 p - a wand of iceblast (7)
 u - a wand of polymorph (7)
Scrolls
 g - 2 scrolls of noise
 h - 6 scrolls of teleportation
 m - 3 scrolls of fear
 n - 2 scrolls of identify
 o - 13 scrolls of remove curse
 z - 4 scrolls of magic mapping
 T - a scroll of fog
Potions
 d - 2 potions of might
 i - 3 potions of curing
 k - a potion of ambrosia {unknown}
 r - a potion of degeneration {unknown}
 A - 3 potions of agility
 C - 3 potions of flight
 I - a potion of magic {unknown}
 K - a potion of haste
 P - a potion of berserk rage
Comestibles
 f - 22 rations


   Skills:
 + Level 10.9(15.9) Fighting
 + Level 14.3(19.3) Long Blades
 + Level 11.4(16.4) Armour
 + Level 5.7(10.7) Dodging
 + Level 4.4(9.4) Stealth
 + Level 14.3(19.3) Shields
 + Level 2.8 Invocations
 + Level 2.1 Evocations


You had 12 spell levels left.
You didn't know any spells.
Your spell library contained the following spells:

 Spells                   Type           Power        Failure   Level  Hunger
 Confusing Touch          Hex            #.....       41%         1    ##.....
 Confuse                  Hex            #.......     78%         3    ####...
 Gell's Gravitas          Tloc           #.........   78%         3    ####...
 Petrify                  Tmut/Erth      #.......     99%         4    #####..
 Metabolic Englaciation   Hex/Ice        #.........   100%        5    ######.
 Yara's Violent Unravell  Hex/Tmut       #.........   100%        5    ######.


Dungeon Overview and Level Annotations

Branches:
Dungeon (14/15)            Temple (1/1) D:4            Lair (2/6) D:10
    Orc (0/2) D:11          Sewer (visited)           IceCv (visited)
  Swamp: Lair:2-4    Shoals: Lair:2-4     Snake: Lair:2-4    Spider: Lair:2-4
 Vaults: D:13-14

Altars:
Ashenzari
Cheibriados
Dithmenos
Elyvilon
Fedhas
Gozag
Hepliaklqana
Kikubaaqudgha
Makhleb
Nemelex Xobeh
Okawaru
Qazlal
Ru
Sif Muna
Trog
Uskayaw
Vehumet
Wu Jian
Xom
Yredelemnul
Zin
The Shining One

Shops:
D:8 [

Annotations:
Lair:1 2 transporters, Peloso's ghost, journeyman MiFi


Innate Abilities, Weirdness & Mutations

You reflexively headbutt those who attack you in melee.
You have a pair of horns on your head.
Your flesh is cold resistant. (rC+)
You occasionally shout uncontrollably at your foes.


Message History

You block the +3 long sword's attack. You block the shadow imp's attack.
You hit the +3 long sword.
The +3 long sword is severely damaged.
You block the +3 long sword's attack.
Unknown command.
You hit the +3 long sword. Your headbutt misses the +3 long sword.
The +3 long sword is severely damaged.
The +3 long sword hits you!
* * * LOW HITPOINT WARNING * * *
The shadow imp misses you.
You riposte.
You hit the shadow imp but do no damage.
You headbutt the shadow imp.
The shadow imp is heavily wounded.
You hit the +3 long sword. Your headbutt misses the +3 long sword.
The +3 long sword is almost destroyed.
You block the +3 long sword's attack. You block the shadow imp's attack.
You hit the +3 long sword but do no damage.
The +3 long sword is almost destroyed.
The +3 long sword hits you!!
You die...

......
##....#
......
......
....#####+##
#.........#
#.........#
+.@.......#
#5(.......#
#.........+
#.).).....#
#.........#
#.........#
#.........#
#######+###


You could see a +3 long sword and a shadow imp.

Vanquished Creatures
  Snorg (D:10)
  Harold (D:9)
  Josephine (D:11)
  A catoblepas (Lair:2)
  A dancing weapon (D:14)
  7 two-headed ogres
  Sonja (D:10)
  A skeletal warrior (D:10)
  2 unseen horrors
  A wizard (D:12)
  A manticore (D:12)
  A deep elf mage (D:12)
  3 ugly things
  A centaur zombie (D:12)
  2 ice statues (IceCv)
  Maurice (D:10)
  4 spiny frogs
  A centaur skeleton (D:11)
  2 freezing wraiths (D:10)
  2 komodo dragons (Lair:2)
  2 rime drakes (D:12)
  A guardian mummy (D:12)
  2 trolls
  Prince Ribbit (D:7)
  3 hippogriffs
  5 wraiths
  A spriggan (D:7)
  A vampire (D:12)
  20 yaks
  2 basilisks
  2 wyverns
  3 hungry ghosts
  A steam dragon (D:10)
  3 vampire mosquitoes (D:12)
  A soldier ant (D:10)
  3 water moccasins
  A porcupine (Lair:1)
  2 orc warriors
  2 sky beasts
  A phantom (D:7)
  2 black bears
  9 ice beasts
  11 ogres
  6 centaurs
  3 crocodiles
  3 big kobolds
  A wyvern zombie (D:12)
  11 bullfrogs
  2 wyvern skeletons
  5 scorpions
  18 killer bees
  5 wights (D:10)
  A howler monkey (D:5)
  5 crimson imps
  A lava snake (D:7)
  5 hounds
  9 jellies
  8 orc priests
  5 iguanas
  15 orc wizards
  A bullfrog skeleton (D:8)
  Crazy Yiuf (D:7)
  Terence (D:3)
  14 worker ants
  A hound zombie (D:8)
  A hound skeleton (D:7)
  A worker ant zombie (D:5)
  3 gnolls (D:3)
  24 adders
  2 shadow imps
  16 oozes
  2 adder zombies
  A worm (D:3)
  3 dart slugs
  22 leopard geckos
  32 orcs
  6 bats
  18 giant cockroaches
  8 goblins
  9 hobgoblins
  14 jackals
  20 kobolds
  3 quokkas
  8 ball pythons
  15 frilled lizards
  A giant cockroach zombie (D:6)
  2 leopard gecko skeletons
  A leopard gecko zombie (D:7)
  7 rats
  A fungus (D:7)
455 creatures vanquished.

Vanquished Creatures (others)
  A leopard gecko (D:5)
  An orc (D:5)
  2 fungi (Lair:2)
  A plant (Lair:2)
5 creatures vanquished.

Grand Total: 460 creatures vanquished

Notes
Turn   | Place    | Note
-------+----------+-------------------------------------------
     0 | D:1      | Peloso the Minotaur Fighter began the quest for the Orb.
     0 | D:1      | Reached XP level 1. HP: 19/19 MP: 0/0
    70 | D:1      | Reached XP level 2. HP: 27/27 MP: 1/1
   460 | D:1      | Reached XP level 3. HP: 33/33 MP: 2/2
  1201 | D:2      | Gained mutation: You occasionally shout uncontrollably at
                  | your foes. [potion of mutation]
  1201 | D:2      | Gained mutation: Your flesh is cold resistant. (rC+)
                  | [potion of mutation]
  1560 | D:2      | Reached XP level 4. HP: 21/41 MP: 3/3
  1639 | D:2      | Reached skill level 1 in Dodging
  2228 | D:3      | Noticed Terence
  2239 | D:3      | Killed Terence
  2239 | D:3      | Reached skill level 1 in Stealth
  2239 | D:3      | Reached XP level 5. HP: 47/47 MP: 4/4
  2246 | D:3      | Reached skill level 5 in Shields
  2403 | D:3      | Found a blossoming altar of Fedhas.
  2524 | D:3      | Found a blossoming altar of Fedhas.
  2635 | D:4      | Reached XP level 6. HP: 53/53 MP: 5/5
  2810 | D:4      | Found an ornate altar of the Wu Jian Council.
  2855 | D:4      | Found a glowing drain.
  2874 | D:4      | Reached skill level 5 in Long Blades
  2884 | Sewer    | Entered a sewer
  3057 | Sewer    | Reached XP level 7. HP: 51/60 MP: 6/6
  3320 | Sewer    | Reached skill level 5 in Fighting
  3320 | Sewer    | Reached skill level 5 in Armour
  3711 | D:4      | Found a staircase to the Ecumenical Temple.
  3769 | Temple   | Entered the Ecumenical Temple
  4197 | D:4      | Reached XP level 8. HP: 68/68 MP: 7/7
  4338 | D:5      | Entered Level 5 of the Dungeon
  4445 | D:5      | Found a stormy altar of Qazlal.
  5060 | D:6      | Found a shattered altar of Ashenzari.
  5117 | D:6      | Reached XP level 9. HP: 75/75 MP: 8/8
  5152 | D:6      | Found a shimmering blue altar of Sif Muna.
  5393 | D:6      | Found a shadowy altar of Dithmenos.
  5893 | D:7      | Reached skill level 10 in Long Blades
  6227 | D:7      | Found a runed translucent door.
  6228 | D:7      | Noticed Crazy Yiuf
  6234 | D:7      | Killed Crazy Yiuf
  6280 | D:7      | Noticed Prince Ribbit
  6289 | D:7      | Killed Prince Ribbit
  6630 | D:8      | Found Joirph's Armour Shop.
  6823 | D:8      | Found an ancient bone altar of Kikubaaqudgha.
  6861 | D:8      | Reached XP level 10. HP: 83/86 MP: 9/9
  7059 | D:8      | Noticed a two-headed ogre
  7074 | D:8      | Killed a two-headed ogre
  7083 | D:8      | Found a radiant altar of Vehumet.
  7450 | D:9      | Noticed Harold
  7496 | D:9      | Killed Harold
  7496 | D:9      | Reached skill level 10 in Shields
  7575 | D:9      | Found an iron altar of Okawaru.
  7650 | D:9      | Became a worshipper of Warmaster Okawaru
  7735 | D:9      | Found a hazy altar of Hepliaklqana.
  8143 | D:10     | Entered Level 10 of the Dungeon
  8171 | D:10     | Reached * piety under Okawaru
  8190 | D:10     | Killed an unseen horror
  8202 | D:10     | Noticed Maurice
  8213 | D:10     | Killed Maurice
  8213 | D:10     | Reached ** piety under Okawaru
  8216 | D:10     | Reached XP level 11. HP: 53/95 MP: 10/10
  8259 | D:10     | Noticed Sonja
  8281 | D:10     | Killed Sonja
  8645 | D:10     | Noticed Snorg
  8655 | D:10     | Killed Snorg
  8738 | D:10     | Reached *** piety under Okawaru
  8923 | D:10     | Found a staircase to the Lair.
  8924 | D:10     | Noticed a two-headed ogre
  8942 | D:10     | Killed a two-headed ogre
  8982 | D:10     | Noticed a two-headed ogre
  9001 | D:10     | Killed a two-headed ogre
  9367 | D:11     | Noticed a death knight
  9367 | D:11     | Noticed a skeletal warrior
  9617 | D:10     | Killed a skeletal warrior
 10726 | D:11     | Found a staircase to the Orcish Mines.
 10736 | D:11     | Found an opulent altar of Gozag.
 10848 | D:11     | Noticed a cyan ugly thing
 10862 | D:11     | Killed a cyan ugly thing
 10891 | D:11     | Reached skill level 1 in Invocations
 10946 | D:11     | Noticed a two-headed ogre
 10957 | D:11     | Killed a two-headed ogre
 10957 | D:11     | Reached **** piety under Okawaru
 11207 | D:11     | Noticed Josephine
 11225 | D:11     | Killed Josephine
 11225 | D:11     | Reached skill level 10 in Armour
 11225 | D:11     | Reached XP level 12. HP: 105/106 MP: 10/12
 11237 | D:11     | Reached skill level 1 in Evocations
 11370 | D:12     | Found a frozen archway.
 11387 | IceCv    | Entered an ice cave
 11418 | IceCv    | Found a transporter.
 11460 | IceCv    | Found a transporter.
 11469 | IceCv    | Reached skill level 10 in Fighting
 12032 | D:12     | Paralysed by a wizard for 4 turns
 12039 | D:12     | Reached ***** piety under Okawaru
 12793 | D:12     | Found a portal to a secret trove of treasure.
 12869 | Trove    | Entered a treasure trove
 12876 | Trove    | Got a slimy scale mail
 12887 | Trove    | Identified the +1 scale mail of the Leaf {rC+} (You found
                  | it in a treasure trove)
 12906 | Trove    | Got a brightly glowing chain mail
 12917 | Trove    | Identified the +5 chain mail of the Hippo {+Blink rElec
                  | Dex+2} (You found it in a treasure trove)
 12931 | Trove    | Got crude storm dragon scales
 12942 | Trove    | Identified the +12 storm dragon scales of the Dragon {rElec
                  | rN+ MR+ Regen+ Stlth+} (You found it in a treasure trove)
 12969 | Trove    | Got a translucent plate armour
 12980 | Trove    | Identified the +1 plate armour "Muhoax" {+Inv} (You found
                  | it in a treasure trove)
 12999 | Trove    | Got a faintly glowing buckler
 13005 | Trove    | Identified the +0 buckler of Iqanwir {rElec MR+ Str-4
                  | Dex+4} (You found it in a treasure trove)
 13276 | D:12     | Noticed a two-headed ogre
 13298 | D:12     | Killed a two-headed ogre
 13478 | Lair:1   | Entered Level 1 of the Lair of Beasts
 13499 | Lair:1   | Found a transporter.
 13500 | Lair:1   | Found a shattered altar of Ashenzari.
 13502 | Lair:1   | Noticed Peloso's ghost (journeyman MiFi)
 13593 | Lair:1   | Found a transporter.
 13834 | Lair:1   | Reached skill level 5 in Dodging
 14452 | Lair:2   | Reached XP level 13. HP: 114/114 MP: 14/14
 15277 | D:13     | Found the +8 longbow "Zephyr" {speed, Dex+3 SInv}
 15417 | D:14     | Mangled by a +3 long sword

Levels and vault maps discovered:
D:1:      dpeg_arrival_simpleton_c, layout_loops_corners, serial_forest,
          infiniplex_forest_end_2, infiniplex_forest_lined_room_2,
          infiniplex_forest_lined_corner, infiniplex_forest_end_2,
          infiniplex_forest_end_double, minmay_domino_4
D:2:      layout_basic
D:3:      layout_rooms, old_standard_altar, first_ration,
          hangedman_decor_points, fedhas_altar_2, uniq_terence
D:4:      layout_loops_corners, old_standard_altar,
          minmay_temple_entry_antechambers, gup_sewer_entry_glass,
          minmay_misc_feat_x, minmay_door_square, kennysheep_generic_room_13
D:5:      layout_loops_ring, grunt_qazlal_clouds
D:6:      layout_gridville, nicolae_overflow_hidden_temple,
          nicolae_ashenzari_panopticon, nicolae_dithmenos_shadow_blocks
D:7:      layout_loops_ring, the_bakery, kennysheep_path_1,
          uniq_crazy_yiuf_cottage, uniq_prince_ribbit1
D:8:      layout_basic, vehumet_crystals, serial_shops, shop_fountains,
          basic_altar
D:9:      layout_gridville, old_standard_altar, okawaru_ov_weapons_minmay,
          due_unseen_surprise, uniq_harold
D:10:     layout_roguey, lair_entry_dummy, uniq_maurice, uniq_sonja, uniq_snorg
D:11:     layout_long_grid, orc_0_dummy, grunt_gozag_statues, uniq_josephine
D:12:     layout_cross, nicolae_trove_entry_path_of_doom, portal_ice_cave_rime,
          hangedman_decor_push
D:13:     lemuel_flame_loot_2, layout_irregular_city
D:14:     layout_roguey, erik_vaults_1, kennysheep_pointless_box, serial_shops,
          shop, uniq_kirke
Temple:   regret_index_temple_generic_petals
Lair:1:   layout_hall_layers, basic_altar, gammafunk_ghost_berserking_beasts,
          beast_lair_carwin_11
Lair:2:   layout_regular_city, spider_nest_entry_webs, grunt_megastairs_1

Skill      XL: |  1  2  3  4  5  6  7  8  9 10 11 12 13 |
---------------+----------------------------------------+-----
Fighting       | 4 5 6 7 8 9 10 | 10.9
Shields        | 4 5 6 7 9 10 12 13 14 | 14.3
Armour         | 4 5 6 8 9 10 11 | 11.4
Long Blades    | 3 4 5 6 8 10 12 13 14 | 14.3
Dodging        | 1 2 3 4 5 |  5.7
Stealth        | 1 3 4 |  4.4
Invocations    | 1 2 |  2.8
Evocations     | 2 |  2.1

Action                   |  1- 3 |  4- 6 |  7- 9 | 10-12 | 13-15 || total
-------------------------+-------+-------+-------+-------+-------++-------
Melee: Long sword        |    98 |   208 |   422 |   521 |       ||  1249
       Headbutt          |    13 |    38 |    94 |   217 |    35 ||   397
       Falchion          |       |       |       |   214 |   106 ||   320
Invok: Heroism           |       |       |       |    19 |     2 ||    21
Evoke: Wand              |       |       |       |    19 |       ||    19
  Use: Potion            |     2 |     1 |       |     5 |     2 ||    10
       Scroll            |       |     8 |       |    16 |     1 ||    25
 Stab: Paralysed         |       |       |       |    12 |       ||    12
       Petrified         |       |       |       |       |     4 ||     4
  Eat: Chunk             |     2 |     5 |     7 |    15 |     3 ||    32
       Ration            |       |       |     2 |     4 |       ||     6
Armor: Scale mail        |    63 |   105 |   114 |       |       ||   282
       Plate armour      |       |       |    58 |   218 |       ||   276
       Storm dragon scal |       |       |       |    21 |       ||    21
       Skin              |       |       |       |       |     5 ||     5
Dodge: Dodged            |    33 |    88 |   171 |   302 |    41 ||   635
Block: Shield            |    53 |   125 |   240 |   452 |    82 ||   952
       Rpst.: Long sword |     4 |    21 |    44 |    49 |       ||   118
       Falchion          |       |       |       |    26 |    11 ||    37
